 Dungeon Crawl Stone Soup version 0.30.1-9-gdf580d7c3d (webtiles) character file.

Game seed: 11002123411668179608

169579 Anriel the Crack Shot (level 17, -5/97 HPs)
             Began as a Deep Elf Hunter on Sept 28, 2023.
             Was the Champion of Okawaru.
             Slain by a naga warrior
             ... wielding a +1 halberd of venom
              (21 damage)
             ... on level 1 of the Snake Pit on Sept 29, 2023.
             The game lasted 02:57:05 (28972 turns).

Anriel the Crack Shot (Deep Elf Hunter)            Turns: 28972, Time: 02:57:05

Health: -5/97      AC: 18    Str: 14    XL:     17   Next: 10%
Magic:  16/26      EV: 25    Int: 14    God:    Okawaru [******]
Gold:   1446       SH:  0    Dex: 29    Spells: 21/26 levels left

rFire   + . .        K - +2 shortbow of the Swamp {heavy, rElec rF+ rN+ rCorr}
rCold   x . .        (shield currently unavailable)
rNeg    + + +        j - +1 ring mail of the Elven Halls {rPois rC- rCorr}
rPois   +            f - +2 hat {SInv}
rElec   +            d - +0 cloak
rCorr   +            p - +2 pair of gloves
SInv    +            G - +2 pair of boots
Will    +....        u - amulet of reflection
Stlth   +            B - ring of Runubey {rN++ Str+6 Int-3 Dex+5}
HPRegen 0.36/turn    k - +4 ring of slaying
MPRegen 0.20/turn

%: reflection
@: confused, about to teleport, ambrosia-drunk
A: no striking features
}: 1/15 runes: decaying
a: Renounce Religion, Heroism, Finesse, Duel


You were on level 1 of the Snake Pit.
You worshipped Okawaru.
Okawaru was exalted by your worship.
You visited 6 branches of the dungeon, and saw 28 of its levels.
You also visited: Bailey and Gauntlet.

You collected 3054 gold pieces.
You spent 1608 gold pieces at shops.

Inventory:

Hand Weapons
 a - a +2 heavy longbow
 l - a +2 triple crossbow of draining
 K - the +2 shortbow of the Swamp (weapon) {heavy, rElec rF+ rN+ rCorr}
   (Okawaru gifted it to you on level 4 of the Swamp)

   rF:        It protects you from fire.
   rElec:     It insulates you from electricity.
   rN:        It protects you from negative energy.
   rCorr:     It protects you from acid and corrosion.
Missiles
 V - a throwing net
Armour
 d - a +0 cloak (worn)
 f - a +2 hat of see invisible (worn)
 j - the +1 ring mail of the Elven Halls (worn) {rPois rC- rCorr}
   (Okawaru gifted it to you on level 11 of the Dungeon)

   rC:        It makes you vulnerable to cold.
   rPois:     It protects you from poison.
   rCorr:     It protects you from acid and corrosion.
 p - a +2 pair of gloves (worn)
 D - a +0 troll leather armour
 G - a +2 pair of boots (worn)
 N - a +4 ring mail of willpower
Jewellery
 k - a +4 ring of slaying (right hand)
 r - a ring of willpower
 u - an amulet of reflection (around neck)
 v - a +5 ring of evasion
 B - the ring of Runubey (left hand) {rN++ Str+6 Int-3 Dex+5}
   (You bought it in a shop on level 2 of the Orcish Mines)

   [ring of strength]

   Str:       It affects your strength (+6).
   Int:       It affects your intelligence (-3).
   Dex:       It affects your dexterity (+5).
   rN:        It greatly protects you from negative energy.
 J - a ring of resist corrosion
 Z - an amulet of regeneration
Wands
 i - a wand of quicksilver (17)
 n - a wand of mindburst (22)
 o - a wand of paralysis (9)
 t - a wand of roots (24)
 C - a wand of polymorph (16)
 O - a wand of digging (13)
 S - a wand of flame (33)
Scrolls
 b - 5 scrolls of immolation
 e - 5 scrolls of amnesia
 w - 2 scrolls of fog
 A - 5 scrolls of magic mapping
 P - 6 scrolls of identify
 Q - 4 scrolls of teleportation
 R - a scroll of silence
 W - a scroll of poison
Potions
 c - 2 potions of resistance
 g - 4 potions of cancellation
 h - 2 potions of might
 m - 4 potions of magic
 x - 11 potions of brilliance
 L - 6 potions of flight
 M - a potion of ambrosia
Miscellaneous
 q - a tin of tremorstones (2/2)
 y - a phial of floods
 X - a lightning rod (4/4)


   Skills:
 + Level 7.9 Fighting
 * Level 24.4 Ranged Weapons
 - Level 10.0 Armour
 + Level 15.2 Dodging
 - Level 5.0 Stealth
 - Level 5.0 Spellcasting
 - Level 5.0 Hexes
 - Level 5.0 Translocations
 - Level 5.0 Fire Magic
 - Level 5.0 Ice Magic
 - Level 10.0 Invocations
 - Level 10.0 Evocations


You had 21 spell levels left.
You knew the following spells:

 Your Spells              Type           Power      Damage    Failure   Level
a - Ensorcelled Hibernat  Hex/Ice        34%        N/A       6%          2
b - Inner Flame           Hex/Fire       17%        N/A       12%         3

Your spell library contained the following spells:

 Spells                   Type           Power      Damage    Failure   Level
 Slow                     Hex            68%        N/A       3%          1
 Scorch                   Fire           34%        2d6       6%          2
 Beastly Appendage        Tmut           6%         N/A       30%         1
 Necrotise                Necr           12%        1d4       30%         1
 Hailstorm                Conj/Ice       10%        3d5       32%         3
 Manifold Assault         Tloc           17%        N/A       36%         4
 Passage of Golubria      Tloc           17%        N/A       36%         4
 Cigotuvi's Dreadful Rot  Necr/Pois/Air  6%         N/A       41%         2
 Static Discharge         Conj/Air       6%         2-3/arc   41%         2
 Sublimation of Blood     Necr           3%         N/A       41%         2
 Wereblood                Tmut           3%         N/A       41%         2
 Ignite Poison            Fire/Tmut/Pois 8%         N/A       43%         3
 Spider Form              Tmut/Pois      3%         N/A       65%         3
 Vampiric Draining        Necr           3%         2d6       65%         3
 Anguish                  Hex/Necr       5%         N/A       71%         4
 Flame Wave               Conj/Fire      10%        2d6       71%         4
 Ice Form                 Ice/Tmut       10%        N/A       71%         4
 Airstrike                Air            1%         2d(1-17)  96%         4
 Olgreb's Toxic Radiance  Pois           3%         N/A       96%         4
 Yara's Violent Unravell  Hex/Tmut       5%         3d4       96%         5
 Freezing Cloud           Conj/Ice/Air   4%         6-21      99%         5
 Dispersal                Tloc           8%         N/A       99%         6
 Agony                    Necr           3%         N/A       100%        5
 Iron Shot                Conj/Erth      1%         9d1       100%        6
 Disjunction              Tloc           8%         N/A       100%        8
 Tukima's Dance           Hex            Unusable   N/A       N/A         3
 Summon Lightning Spire   Summ/Air       Unusable   N/A       N/A         4
 Death Channel            Necr           Unusable   N/A       N/A         6
 Simulacrum               Ice/Necr       Unusable   N/A       N/A         6
 Summon Cactus Giant      Summ           Unusable   N/A       N/A         6
 Summon Hydra             Summ           Unusable   N/A       N/A         7

Dungeon Overview and Level Annotations

Branches:
Dungeon (15/15)            Temple (1/1) D:6            Lair (5/5) D:8
  Swamp (4/4) Lair:3        Snake (1/4) Lair:3        Slime (0/5) Lair:5
    Orc (2/2) D:12            Elf (0/3) Orc:2        Vaults (0/5) D:13
 Depths (0/4) D:15         Bailey (visited)         Gauntlet (visited)

Altars:
Ashenzari
Cheibriados
Dithmenos
Elyvilon
Fedhas
Gozag
Hepliaklqana
Kikubaaqudgha
Makhleb
Nemelex Xobeh
Okawaru
Qazlal
Ru
Sif Muna
Trog
Uskayaw
Vehumet
Wu Jian
Xom
Yredelemnul
Zin
The Shining One

Shops:
D:4 *   D:5 ?   Orc:2 ==*[

Annotations:
Orc:1 2 transporters, tish's ghost, journeyman MiBe


Message History

You block the naga's attack.
A naga comes into view. It is wielding a +0 long sword.
The naga warrior spits poison at you.
The splash of poison hits you but does no damage.
You are more poisoned.
You resist. The naga warrior constricts you.
* * * LOW HITPOINT WARNING * * *
Okay, then.
You escape the naga warrior's grasp.
You feel sick. The naga spits poison at you.
The splash of poison hits you but does no damage.
You resist.
Things that are here:
a +0 long sword; a naga corpse You shoot an arrow.
The arrow closely misses the naga.
You feel sick. The naga completely misses you. x2
A black mamba comes into view.
You block the naga warrior's attack. The naga misses you. x2
You shoot an arrow. The black mamba hisses angrily.
The arrow hits the naga!
The naga is heavily wounded.
You feel sick.
The naga warrior roars a battlecry!
The naga goes into a battle-frenzy!
The naga spits poison at you. The splash of poison misses you.
The splash of poison hits the naga.
You block the naga's attack. x2
You feel sick. The naga spits poison at you. The splash of poison misses you.
Okay, then.
As you read the scroll of teleportation, it crumbles to dust.
You feel strangely unstable.
You feel sick. The naga warrior completely misses you.
You block the naga's attack.
You are confused.
You feel invigorated.
You feel sick.
You are no longer poisoned.
The naga warrior hits you from afar with a +1 halberd of venom!!
You die...

.## #.# #### ..#
#.#######...# ..#####
##P.~##......# ......#
##.~~~♣#.).....
?.....###(P~~~##......#
#......##...~...)...#..
#....#........N†.......
#..........)#.N).####.
#...#########..S@#
##### #...## #####


You could see a naga warrior, a black mamba and a naga (strong).

Vanquished Creatures
  Rupert (D:13)
  An acid blob (Lair:5)
  A thorn hunter (Swamp:3)
  A balrug (Gauntlet)
  An orc warlord (Bailey)
  The ghost of Juirae the Grappler, a journeyman TrMo of Wu Jian (Lair:4)
  4 eleionomae
  The ghost of Huasawuy the Grappler, a journeyman TrHW of Okawaru (Lair:3)
  A minotaur (Gauntlet)
  A shambling mangrove (Swamp:4)
  2 fire dragons
  A great orb of eyes (shapeshifter) (D:15)
  A vault guard (D:13)
  A rakshasa (D:11)
  The ghost of Plog the Tainter, a journeyman DgVM (D:12)
  20 hydras
  12 two-headed ogres
  A ghost crab (Swamp:3)
  4 boulder beetles
  A merfolk avatar (Lair:5)
  5 centaur warriors
  10 alligators
  2 ogre magi
  A dancing weapon (Lair:3)
  6 death yaks (Lair:2)
  A vampire mage (D:15)
  5 tengu warriors
  Nergalle (Orc:1)
  A shock serpent (Snake:1)
  4 orc high priests (Orc:2)
  Sonja (D:13)
  A deep elf knight (D:13)
  6 skysharks
  4 spriggans
  A titan skeleton (D:15)
  A fire crab (Gauntlet)
  A spark wasp zombie (D:15)
  3 sea snakes (Lair:5)
  6 goliath frogs
  9 swamp dragons
  2 spriggan druids
  6 skeletal warriors
  8 bog bodies
  A deep elf archer (D:13)
  2 harpies (Lair:5)
  2 wizards (D:13)
  Pikel (D:5)
  3 lindwurms (Swamp:4)
  A naga ritualist (Snake:1)
  2 orc knights
  2 mana vipers (Snake:1)
  A deep elf pyromancer (D:15)
  2 necromancers
  2 orc sorcerers
  4 ugly things
  A wolf spider (D:11)
  5 cyclopes
  4 manticores
  A frost giant zombie (D:15)
  3 will-o-the-wisps
  15 elephants
  6 black mambas
  Joseph (D:7)
  A guardian serpent (Snake:1)
  10 cane toads
  A torpor snail (Gauntlet)
  2 kobold demonologists (D:9)
  An unseen horror (D:11)
  An efreet (D:13)
  9 rime drakes
  2 ice devils (D:12)
  3 tengu conjurers
  2 komodo dragons
  9 tyrant leeches
  A queen bee (Lair:2)
  7 trolls
  A meliai (D:11)
  A bloated husk (Swamp:2)
  A polar bear (Lair:5)
  6 hornets
  A meliai (shapeshifter) (D:14)
  34 blink frogs
  Grinder (D:4)
  A spriggan zombie (D:15)
  5 centaur simulacra (D:12)
  5 slime creatures
  4 shadows
  3 wraiths
  A basilisk (Lair:4)
  5 wyverns
  18 humans (D:13)
  29 yaks
  Eustachio (D:4)
  2 fire bats (Gauntlet)
  24 vampire mosquitoes
  4 steam dragons
  19 swamp worms
  A warg (Orc:2)
  6 nagas
  3 acid dragons
  13 water moccasins
  2 ice beasts
  30 orc warriors
  A meliai simulacrum (D:12)
  9 swamp drakes
  A sky beast (D:7)
  2 black bears (D:6)
  5 ogres
  5 wolves (Lair:5)
  24 centaurs
  2 lemures (D:5)
  7 bullfrogs
  4 kobold brigands
  2 gnoll sergeants
  5 wights (D:9)
  41 killer bees
  An electric eel (Lair:3)
  3 howler monkeys
  A hound (D:4)
  Crazy Yiuf (D:2)
  18 orc priests
  A jelly (D:5)
  2 iguanas
  Ijyb (D:3)
  16 hell rats
  30 orc wizards
  A boggart simulacrum (D:12)
  3 adders (D:2)
  21 gnolls
  5 river rats (Lair:3)
  A white imp (D:5)
  8 dart slugs
  110 orcs
  11 ball pythons
  5 endoplasms
  2 giant cockroaches
  30 goblins
  19 hobgoblins
  10 jackals
  2 quokkas
  7 bats
  3 frilled lizards
  12 kobolds
  13 rats
916 creatures vanquished.

Vanquished Creatures (others)
  A bloated husk (Swamp:2)
  A swamp worm (Swamp:3)
  6 foxfires
8 creatures vanquished.

Grand Total: 924 creatures vanquished

Notes
Turn   | Place    | Note
-------+----------+-------------------------------------------
     0 | D:1      | Anriel the Deep Elf Hunter began the quest for the Orb.
     0 | D:1      | Reached XP level 1. HP: 12/12 MP: 3/3
   128 | D:1      | Reached XP level 2. HP: 17/17 MP: 4/4
   342 | D:1      | Reached XP level 3. HP: 22/22 MP: 5/5
   783 | D:2      | Reached XP level 4. HP: 13/27 MP: 6/6
  1018 | D:2      | Identified the +1 robe of Eternal Vigilance {Rampage rC+
                  | Int-2 Stlth+}
  1088 | D:2      | Found a runed translucent door.
  1450 | D:2      | Noticed Crazy Yiuf
  1472 | D:2      | Killed Crazy Yiuf
  1652 | D:3      | Reached XP level 5. HP: 32/32 MP: 7/7
  1711 | D:3      | Found a faded altar of an unknown god.
  1942 | D:3      | Noticed Ijyb
  1977 | D:3      | Killed Ijyb
  2229 | D:4      | Found Zegg's Assorted Antiques.
  2352 | D:4      | Reached XP level 6. HP: 38/38 MP: 8/8
  2369 | D:4      | Bought 2 white potions for 36 gold pieces
  2369 | D:4      | Bought an orange potion for 18 gold pieces
  2369 | D:4      | Bought a scroll of identify for 40 gold pieces
  2479 | D:4      | Noticed Grinder
  2485 | D:4      | Killed Grinder
  2486 | D:4      | Reached skill level 5 in Dodging
  2486 | D:4      | Reached skill level 5 in Stealth
  2486 | D:4      | Reached XP level 7. HP: 44/44 MP: 9/9
  2605 | D:4      | Reached skill level 5 in Fighting
  2662 | D:4      | Noticed Eustachio
  2688 | D:4      | Killed Eustachio
  2689 | D:4      | Reached skill level 1 in Armour
  2689 | D:4      | Reached skill level 1 in Spellcasting
  2689 | D:4      | Reached skill level 1 in Evocations
  2923 | D:5      | Entered Level 5 of the Dungeon
  2923 | D:5      | Noticed Pikel
  2923 | D:5      | Found Nionkaon's Magic Scroll Emporium.
  3185 | D:5      | Identified the +0 leather armour of Valour {rPois Will+
                  | Str+4}
  3267 | D:5      | Killed Pikel
  3268 | D:5      | Reached XP level 8. HP: 49/49 MP: 11/15
  4055 | D:6      | Found a staircase to the Ecumenical Temple.
  4088 | Temple   | Entered the Ecumenical Temple
  4093 | Temple   | Became a worshipper of Warmaster Okawaru
  4446 | D:6      | Reached skill level 5 in Spellcasting
  4509 | D:6      | Reached skill level 1 in Invocations
  4619 | D:7      | Noticed Joseph
  4622 | D:7      | Killed Joseph
  4622 | D:7      | Reached * piety under Okawaru
  4623 | D:7      | Reached skill level 6 in Ranged Weapons
  4623 | D:7      | Reached skill level 5 in Armour
  4623 | D:7      | Reached XP level 9. HP: 54/54 MP: 18/18
  4726 | D:7      | Found an ornate altar of the Wu Jian Council.
  4730 | D:7      | Found a radiant altar of Vehumet.
  4734 | D:7      | Found a sparkling altar of Nemelex Xobeh.
  4734 | D:7      | Found an opulent altar of Gozag.
  4740 | D:7      | Found a shadowy altar of Dithmenos.
  4823 | D:7      | Found a flagged portal.
  4844 | Bailey   | Entered a bailey
  4914 | Bailey   | Noticed an orc knight
  4949 | Bailey   | HP: 3/81 [goblin/+0 hand axe (5)]
  4961 | Bailey   | Killed an orc knight
  4962 | Bailey   | Reached skill level 7 in Ranged Weapons
  5150 | Bailey   | Reached skill level 5 in Invocations
  5158 | Bailey   | Reached skill level 8 in Ranged Weapons
  5244 | Bailey   | Noticed an orc warlord
  5279 | Bailey   | Killed an orc warlord
  5279 | Bailey   | Reached ** piety under Okawaru
  5280 | Bailey   | Reached skill level 9 in Ranged Weapons
  5280 | Bailey   | Reached XP level 10. HP: 46/59 MP: 19/19
  5472 | Bailey   | Acquired a +0 heavy longbow
  5542 | D:7      | Found a snail-covered altar of Cheibriados.
  5804 | D:7      | Reached skill level 10 in Ranged Weapons
  6346 | D:5      | Bought a scroll of magic mapping for 112 gold pieces
  6346 | D:5      | Bought a scroll of fear for 60 gold pieces
  6346 | D:5      | Bought a scroll of blinking for 112 gold pieces
  6385 | D:4      | Bought a potion of haste for 200 gold pieces
  6511 | D:8      | Reached skill level 5 in Evocations
  6656 | D:8      | Reached *** piety under Okawaru
  6747 | D:8      | Reached skill level 11 in Ranged Weapons
  6873 | D:8      | Reached **** piety under Okawaru
  7049 | D:8      | Found a staircase to the Lair.
  7727 | D:9      | Reached skill level 12 in Ranged Weapons
  7757 | D:9      | Identified the +6 chain mail of Compassion {rElec Str+3}
  7905 | D:9      | Reached XP level 11. HP: 63/63 MP: 20/20
  8123 | D:9      | Reached ***** piety under Okawaru
  8308 | D:9      | Reached skill level 13 in Ranged Weapons
  8593 | D:10     | Entered Level 10 of the Dungeon
  8892 | D:10     | Found a white marble altar of Elyvilon.
  9267 | D:11     | Noticed a red ugly thing
  9269 | D:11     | Killed a red ugly thing
  9357 | D:11     | Noticed an eight-headed hydra
  9379 | D:11     | Killed an eight-headed hydra
  9379 | D:11     | Identified the +1 ring mail of the Elven Halls {rPois rC-
                  | rCorr} (Okawaru gifted it to you on level 11 of the
                  | Dungeon)
  9379 | D:11     | Received a gift from Okawaru
  9401 | D:11     | Noticed a seven-headed hydra
  9404 | D:11     | Killed a seven-headed hydra
  9405 | D:11     | Reached skill level 14 in Ranged Weapons
  9406 | D:11     | Noticed a rakshasa
  9607 | D:11     | Reached skill level 10 in Dodging
  9831 | D:11     | Noticed a brown ugly thing
  9838 | D:11     | Killed a brown ugly thing
 10340 | D:11     | Reached skill level 15 in Ranged Weapons
 10365 | D:11     | Killed a rakshasa
 10366 | D:11     | Reached XP level 12. HP: 68/68 MP: 13/21
 10403 | D:11     | Received a gift from Okawaru
 10511 | D:12     | Noticed Plog's ghost (journeyman DgVM)
 10512 | D:12     | Noticed a two-headed ogre
 10519 | D:12     | Killed a two-headed ogre
 10534 | D:12     | Found a staircase to the Orcish Mines.
 10547 | D:12     | Found a runed translucent gate.
 10547 | D:12     | Found a runed translucent gate.
 10547 | D:12     | Found a runed translucent gate.
 11285 | D:12     | Found the +8 mithril axe "Arga" {speed, Will+}
 11379 | D:13     | Reached skill level 16 in Ranged Weapons
 11394 | D:13     | Noticed a boulder beetle
 11403 | D:13     | Killed a boulder beetle
 11471 | D:13     | Reached skill level 10 in Invocations
 11629 | D:13     | Noticed Rupert
 11641 | D:13     | Killed Rupert
 11643 | D:13     | Noticed Sonja
 11653 | D:13     | Killed Sonja
 11657 | D:13     | Reached skill level 17 in Ranged Weapons
 11701 | D:13     | Identified the +0 robe "Jomek" {rPois Will++ rCorr Dex-4}
 11830 | D:13     | Identified the +0 robe "Kidgho" {rPois rC+ rN+} (Okawaru
                  | gifted it to you on level 13 of the Dungeon)
 11830 | D:13     | Received a gift from Okawaru
 11867 | D:13     | Found a gate to the Vaults.
 11867 | D:13     | Noticed a vault guard
 11874 | D:13     | Killed a vault guard
 11875 | D:13     | Reached skill level 5 in Hexes
 11875 | D:13     | Reached XP level 13. HP: 72/72 MP: 15/22
 11885 | D:13     | Reached skill level 1 in Translocations
 12008 | D:13     | Reached skill level 18 in Ranged Weapons
 12596 | D:14     | HP: 3/72 [skeletal warrior/+0 dire flail (23)]
 13107 | D:15     | Entered Level 15 of the Dungeon
 13161 | D:15     | Received a gift from Okawaru
 13173 | D:15     | Reached skill level 5 in Translocations
 13452 | D:15     | Reached ****** piety under Okawaru
 13454 | D:15     | Received a gift from Okawaru
 13611 | D:15     | Found a staircase to the Depths.
 13830 | D:15     | Reached XP level 14. HP: 78/78 MP: 23/23
 14274 | D:15     | Found a radiant altar of Vehumet.
 14281 | D:15     | Received a gift from Okawaru
 14383 | D:15     | Reached skill level 10 in Armour
 14844 | Orc:1    | Entered Level 1 of the Orcish Mines
 14852 | Orc:1    | Found Nuathosm's Vocational Training.
 14989 | Orc:1    | Noticed Nergalle
 14995 | Orc:1    | Killed Nergalle
 14996 | Orc:1    | Reached skill level 10 in Evocations
 15224 | Orc:1    | You fall into a shaft and drop 1 floor!
 15224 | Orc:2    | Entered Level 2 of the Orcish Mines
 15245 | Orc:1    | Noticed tish's ghost (journeyman MiBe)
 15253 | Orc:1    | Found a transporter.
 15311 | Orc:1    | Found a bloodstained altar of Trog.
 15312 | Orc:1    | Found a transporter.
 15398 | Orc:2    | Identified the +0 robe "Ochico" {Int+2} (Okawaru gifted it
                  | to you on level 2 of the Orcish Mines)
 15398 | Orc:2    | Received a gift from Okawaru
 15458 | Orc:2    | Found a staircase to the Elven Halls.
 16071 | Orc:2    | Reached skill level 19 in Ranged Weapons
 16302 | Orc:2    | Found Soukh's Assorted Antiques.
 16302 | Orc:2    | Found Gacseski's Antique Armour Boutique.
 16305 | Orc:2    | Found Aretac's Jewellery Shop.
 16305 | Orc:2    | Found Wugim's Jewellery Shop.
 16350 | Orc:2    | Bought a ring of see invisible for 165 gold pieces
 16351 | Orc:2    | Bought the ring of Runubey {rN++ Str+6 Int-3 Dex+5} for 865
                  | gold pieces
 16561 | D:12     | Killed Plog's ghost
 16942 | Lair:1   | Entered Level 1 of the Lair of Beasts
 17678 | Lair:1   | Found a broken altar of Ashenzari.
 17995 | Lair:2   | Found a gate leading to a gauntlet.
 18053 | Lair:2   | Received a gift from Okawaru
 18172 | Gauntlet | Entered a Gauntlet
 18172 | Gauntlet | Found a transporter.
 18172 | Gauntlet | Found a transporter.
 18254 | Gauntlet | Found a transporter.
 18268 | Gauntlet | Found a transporter.
 18278 | Gauntlet | Found a transporter.
 18282 | Gauntlet | Found a transporter.
 18290 | Gauntlet | Found a transporter.
 18290 | Gauntlet | Noticed a balrug
 18306 | Gauntlet | Found a transporter.
 18320 | Gauntlet | Found a transporter.
 18324 | Gauntlet | Found a transporter.
 18335 | Gauntlet | Found a transporter.
 18339 | Gauntlet | Found a transporter.
 18404 | Gauntlet | Reached XP level 15. HP: 29/84 MP: 24/24
 18627 | Gauntlet | Reached skill level 20 in Ranged Weapons
 18707 | Gauntlet | Identified the +2 helmet "Noan" {rCorr Int+2 Dex-3}
 18709 | Gauntlet | Identified the +0 morningstar "Jebudd" {protect, rCorr
                  | MP+9}
 19400 | Lair:3   | Learned a level 2 spell: Ensorcelled Hibernation
 19777 | Lair:3   | Reached skill level 1 in Ice Magic
 19786 | Lair:3   | Found a staircase to the Swamp.
 19895 | Lair:3   | Received a gift from Okawaru
 19921 | Lair:3   | Got the Compilation of the Vexatious Queen Bee
 19926 | Lair:3   | Learned a level 3 spell: Inner Flame
 20079 | Lair:3   | Found a runed translucent door.
 20080 | Lair:3   | Found a shimmering altar of Xom.
 20080 | Lair:3   | Noticed Huasawuy's ghost (journeyman TrHW)
 20096 | Lair:3   | Killed Huasawuy's ghost
 20214 | Lair:3   | Found a staircase to the Snake Pit.
 21035 | Lair:4   | Reached skill level 21 in Ranged Weapons
 21187 | Lair:4   | Found a runed translucent door.
 21188 | Lair:4   | Noticed Juirae's ghost (journeyman TrMo)
 21200 | Lair:4   | Killed Juirae's ghost
 21733 | Lair:5   | Entered Level 5 of the Lair of Beasts
 21774 | Lair:5   | Identified the +6 scale mail "Kaich" {Will+ MP+9} (Okawaru
                  | gifted it to you on level 5 of the Lair of Beasts)
 21774 | Lair:5   | Received a gift from Okawaru
 21902 | Lair:5   | HP: 2/85 [poisoned by a sea snake]
 21909 | Lair:5   | HP: 3/85 [skyshark (11)]
 21923 | Lair:5   | HP: 4/85 [cane toad (12)]
 22234 | Lair:5   | Found the amulet of the Air {Inacc Air Fly rElec RMsl}
 22319 | Lair:5   | Reached skill level 5 in Ice Magic
 22424 | Lair:5   | Reached skill level 1 in Fire Magic
 22435 | Lair:5   | Reached skill level 22 in Ranged Weapons
 22501 | Lair:5   | Got the Volume of the Petrous Mortuary
 22572 | Lair:5   | Found a runed translucent door.
 22575 | Lair:5   | Noticed an acid blob
 22577 | Lair:5   | Found a staircase to the Slime Pits.
 22673 | Lair:5   | Reached XP level 16. HP: 77/90 MP: 25/25
 22904 | Lair:5   | Killed an acid blob
 23433 | Swamp:1  | Entered Level 1 of the Swamp
 23587 | Swamp:1  | Received a gift from Okawaru
 24473 | Swamp:2  | Received a gift from Okawaru
 24583 | Swamp:2  | Reached skill level 23 in Ranged Weapons
 25460 | Swamp:3  | Reached skill level 5 in Fire Magic
 25749 | Swamp:3  | Noticed a thorn hunter
 25772 | Swamp:3  | Killed a thorn hunter
 26459 | Swamp:4  | Entered Level 4 of the Swamp
 26626 | Swamp:4  | Identified the +2 shortbow of the Swamp {heavy, rElec rF+
                  | rN+ rCorr} (Okawaru gifted it to you on level 4 of the
                  | Swamp)
 26626 | Swamp:4  | Received a gift from Okawaru
 26816 | Swamp:4  | Reached skill level 24 in Ranged Weapons
 26933 | Swamp:4  | Reached skill level 15 in Dodging
 27208 | Swamp:4  | Found the +0 pair of fencer's gloves {Riposte Dex+3}
 27400 | Swamp:4  | Reached XP level 17. HP: 37/97 MP: 26/26
 27408 | Swamp:4  | Received a gift from Okawaru
 27409 | Swamp:4  | HP: 4/97 [poison (poison gas)]
 27414 | Swamp:4  | HP: 4/97 [poison (poison gas)]
 27419 | Swamp:4  | HP: 4/97 [poison (poison gas)]
 27499 | Swamp:4  | Got a decaying rune of Zot
 28322 | Snake:1  | Entered Level 1 of the Snake Pit
 28972 | Snake:1  | Slain by a naga warrior

Illustrated notes

Levels and vault maps discovered:
D:1:      scummos_arrival_simple_crosswalls, layout_rooms, eino_curves_01,
          kennysheep_small_spiral, minmay_cut_off
D:2:      layout_loops_ring, uniq_crazy_yiuf_cottage
D:3:      kennysheep_goblin_castle, layout_rooms,
          hellmonk_ecumenical_altar_run_dry
D:4:      layout_loops_ring, serial_shops, shop, uniq_grinder, uniq_eustachio
D:5:      layout_basic, minmay_misc_feat_more_columns, nicolae_stop_n_shop_1,
          wad_floor_pattern_1, uniq_pikel
D:6:      black_bear_nest_1, layout_cave_pools, minmay_temple_entry_ruins
D:7:      layout_gridville, nicolae_overflow_hallway_of_the_gods,
          old_standard_altar, enter_bailey_5, uniq_joseph
D:8:      layout_gridville, lair_entry_dummy, lightli_orcish_oven
D:9:      layout_gridville, special_room [special_room_orc]
D:10:     layout_rooms, nicolae_elyvilon_peaceful_grove
D:11:     layout_grid_maze, grunt_decor_arrowhead,
          minmay_fractal_squares_gapless_7
D:12:     layout_irregular_city, orc_0_dummy, gammafunk_ghost_icy
D:13:     layout_small_grid, grunt_vaults_entry_tiered, uniq_rupert, uniq_sonja
D:14:     layout_roguey
D:15:     gammafunk_depths_entry_grave, layout_long_grid,
          nicolae_vehumet_radiance, grunt_ministairs_3
Temple:   nicolae_temple_bog_church
Lair:1:   layout_loops_ring, basic_altar
Lair:2:   layout_misc_corridors, special_room [special_room_bee],
          gauntlet_entry_generic
Lair:3:   layout_loops_ring, nicolae_swamp_entry_splash_gauntlet,
          nicolae_snake_entry_squirm, ebering_ghost_xom,
          kennysheep_abandoned_house
Lair:4:   layout_small_grid, gammafunk_ghost_grave, grunt_megastairs_3
Lair:5:   gammafunk_lair_ancient_temple, layout_long_grid, slime_entry_2
Swamp:1:  layout_basic_swamp, evilmike_swamp_ruin_house_2
Swamp:2:  layout_falls_marsh, nicolae_swamp_treefoil, swamp_pool1,
          hangedman_swamp_cone, nicolae_swamp_alligator_family
Swamp:3:  layout_falls_marsh, nicolae_swamp_little_tower
Swamp:4:  swamp_alternative, layout_basic_swamp
Snake:1:  layout_misc_corridors, serial_bayou_pond_d, uniq_aizul
Orc:1:    layout_caves, gammafunk_ghost_wrathful_warriors,
          nicolae_shop_vocational, uniq_nergalle
Orc:2:    st_orc_mages, layout_caves

Skill      XL: |  1  2  3  4  5  6  7  8  9 10 11 12 13 14 15 16 |
---------------+-------------------------------------------------+-----
Fighting       | 2 3 4 5 6 7 |  7.9
Stealth        | 2 3 4 5 |  5.0
Dodging        | 3 4 5 6 8 10 11 13 15 | 15.2
Armour         | 3 5 6 9 10 | 10.0
Spellcasting   | 3 5 |  5.0
Evocations     | 3 4 5 6 7 9 10 | 10.0
Invocations    | 2 5 7 9 10 | 10.0
Ranged Weapons | 6 9 12 15 17 18 19 22 24 | 24.4
Hexes          | 5 |  5.0
Translocations | 5 |  5.0
Ice Magic      | 5 |  5.0
Fire Magic     | 2 5 |  5.0

Action                     |  1- 3 |  4- 6 |  7- 9 | 10-12 | 13-15 | 16-18 || total
---------------------------+-------+-------+-------+-------+-------+-------++-------
   Fire: Shortbow          |    79 |   134 |   271 |   177 |       |   188 ||   849
         Longbow           |       |       |       |   302 |   958 |   316 ||  1576
         Arbalest          |       |       |       |       |    13 |       ||    13
  Throw: Throwing net      |       |     1 |     1 |       |       |       ||     2
 Invoke: Heroism           |       |       |     3 |     3 |     4 |     1 ||    11
         Finesse           |       |       |       |     3 |     4 |       ||     7
  Evoke: Wand              |       |       |     9 |     1 |       |     2 ||    12
    Use: Scroll            |     3 |     7 |     6 |    12 |    18 |     7 ||    53
         Potion            |       |     2 |     6 |     1 |    14 |    12 ||    35
 Armour: Leather armour    |     7 |     7 |    66 |    80 |       |       ||   160
         Skin              |       |       |    16 |       |       |       ||    16
         Ring mail         |       |       |       |    67 |   150 |   119 ||   336
  Dodge: Dodged            |    39 |    38 |   116 |   398 |   409 |   303 ||  1303
  Block: Other             |       |       |    41 |   109 |   117 |    61 ||   328
         Reflection        |       |       |     4 |     4 |    10 |     1 ||    19
